 Dungeon Crawl Stone Soup version 0.31-a0-506-g3d79149578 (webtiles) character file.

Game seed: 10236433067338621368

611 GordonOverkill the Sneak (level 7, -1/46 HPs)
             Began as an Octopode Delver on Aug 9, 2023.
             Was a Follower of Vehumet.
             Slain by an orc wizard
             ... wielding a +0 dagger
              (4 damage)
             ... on level 6 of the Dungeon.
             The game lasted 00:06:29 (2018 turns).

GordonOverkill the Sneak (Octopode Delver)          Turns: 2018, Time: 00:06:30

Health: -1/46      AC:  1    Str: 12    XL:     7   Next: 44%
Magic:  12/12      EV: 13    Int: 14    God:    Vehumet [*.....]
Gold:   52         SH:  0    Dex: 13    Spells: 12/12 levels left

rFire   . . .        a - +0 short sword
rCold   . . .        (no shield)
rNeg    . . .        g - +0 hat
rPois   .            (no amulet)
rElec   .            (no ring)
rCorr   .            (no ring)
SInv    .            (no ring)
Will    .....        (no ring)
Stlth   ++++         (no ring)
HPRegen 0.27/turn    (no ring)
MPRegen 0.13/turn    (no ring)
                     (no ring)

%: no passive effects
@: attractive
A: almost no armour, amphibious, 8 rings, camouflage 1, gelatinous body 1,
(nimble swimmer 1), tentacles
a: Renounce Religion


You were on level 6 of the Dungeon.
You worshipped Vehumet.
Vehumet was aware of your devotion.
You visited 2 branches of the dungeon, and saw 3 of its levels.

You collected 52 gold pieces.

Inventory:

Hand Weapons
 a - a +0 short sword (weapon)
Missiles
 n - a throwing net
Armour
 g - a +0 hat (worn)
Wands
 f - a wand of digging (3)
 i - a wand of light (1)
 j - a wand of roots (3)
 k - a wand of charming (7)
Scrolls
 b - a scroll of fog
 c - a scroll of revelation
 l - 2 scrolls of identify
 m - 2 scrolls of teleportation
Potions
 e - a potion of haste
 h - a potion of enlightenment


   Skills:
 - Level 3.0 Fighting
 - Level 4.0 Short Blades
 - Level 2.0 Dodging
 - Level 6.6 Stealth
 + Level 3.4 Spellcasting
 - Level 6.0 Evocations


You had 12 spell levels left.
You didn't know any spells.
Your spell library contained the following spells:

 Spells                   Type           Power      Damage    Failure   Level
 Magic Dart               Conj           8%         1d3       21%         1
 Apportation              Tloc           4%         N/A       21%         1
 Necrotise                Necr           8%         1d4       21%         1
 Summon Small Mammal      Summ           8%         N/A       21%         1


Dungeon Overview and Level Annotations

Branches:
Dungeon (6/15)             Temple (1/1) D:5

Altars:
Fedhas
Gozag
Kikubaaqudgha
Makhleb
Okawaru
Qazlal
Sif Muna
Uskayaw
Vehumet
The Shining One
Jiyva

Shops:
D:6 (

Annotations:
D:5 exclusion: downstairs


Innate Abilities, Weirdness & Mutations

You cannot wear most types of armour.
You are amphibious.
You can wear up to eight rings at the same time.
Your skin changes colour to match your surroundings (Stealth+).
Your rubbery body absorbs attacks. (AC +1, EV +1)
((You are camouflaged when in or above water. (Stealth+)))
You have tentacles for arms and can constrict up to eight enemies at once.


Message History

A puff of flame appears from out of thin air!
The puff of flame hits you!
You miss something. Something hits you.
You hit something. Something hits you.
You hit something. Your squeeze misses something. You hit something.
Something hits you.
You hit something. Your squeeze misses something. Something barely misses you.
You hit something. Your squeeze misses something. Something hits you.
* * * LOW HITPOINT WARNING * * *
You barely miss something. Something hits you.
* * * LOW HITPOINT WARNING * * *
You miss something. You hit something but do no damage. Something hits you.
* * * LOW HITPOINT WARNING * * *
You see here a +0 dagger.
You hear some strange, mumbled words.
Something tries to affect you, but you resist.
A magic dart appears from out of thin air!
The magic dart hits you!
* * * LOW HITPOINT WARNING * * *
You are confused.
You bump into the rock wall.
A puff of flame appears from out of thin air!
The puff of flame hits you!
* * * LOW HITPOINT WARNING * * *
You bump into the rock wall.
You bump into the rock wall.
You bump into the rock wall.
A magic dart appears from out of thin air!
The magic dart hits you!
* * * LOW HITPOINT WARNING * * *
It was a potion of attraction.
You feel attractive to monsters.
You feel less confused.
Unknown command.
Unknown command.
As you read the scroll labelled QUSKUQ GAYGEA, it crumbles to dust.
It is a scroll of identify.
m - 2 scrolls of teleportation Something hits you.
You die...

.....#########.#.#.#.#
#.# ..... #.#..<..#
#.# #.#####.######.#
#..............#
######..########
##..## +###### ##..##
......# ##..## ......#
###.@## ......#
##...## ......#
###..### ......#
#...## ##########.###
........#..#######
......>.#........#
.........).......#
.........).......#


There were no monsters in sight!

Vanquished Creatures
  An orc warrior (D:6)
  An ogre (D:5)
  2 orc priests (D:6)
  4 hounds (D:5)
  A gnoll bouda (D:5)
  3 iguanas (D:5)
  3 orc wizards (D:6)
  5 adders
  A white imp (D:6)
  A worm (D:5)
  11 orcs (D:6)
33 creatures vanquished.

Notes
Turn   | Place    | Note
-------+----------+-------------------------------------------
     0 | D:5      | GordonOverkill the Octopode Delver began the quest for the
                  | Orb.
     0 | D:5      | Reached XP level 1. HP: 16/16 MP: 1/1
    27 | D:5      | Noticed an iguana
    30 | D:5      | Killed an iguana
    31 | D:5      | Reached XP level 2. HP: 21/21 MP: 2/2
    31 | D:5      | Reached XP level 3. HP: 26/26 MP: 3/3
    88 | D:5      | Reached skill level 1 in Evocations
   186 | D:5      | Found a staircase to the Ecumenical Temple.
   192 | Temple   | Entered the Ecumenical Temple
   205 | Temple   | Became a worshipper of Vehumet
   226 | D:5      | Reached XP level 4. HP: 31/31 MP: 4/4
   244 | D:5      | Reached XP level 5. HP: 36/36 MP: 5/5
   435 | D:5      | Found a burning altar of Makhleb.
   435 | D:5      | Noticed a balrug
   634 | D:5      | Noticed an ogre
   649 | D:5      | Killed an ogre
   650 | D:5      | Reached skill level 5 in Evocations
   650 | D:5      | Reached XP level 6. HP: 42/42 MP: 6/6
   716 | D:5      | HP: 2/42 [poisoned by an adder]
   925 | D:6      | Noticed an orc warrior
  1112 | D:6      | Found Kudorphel's Antique Weapon Emporium.
  1319 | D:6      | Reached skill level 1 in Spellcasting
  1661 | D:6      | Reached XP level 7. HP: 36/46 MP: 9/9
  1744 | D:6      | Reached * piety under Vehumet
  1744 | D:6      | Offered knowledge of Magic Dart by Vehumet.
  2018 | D:6      | Slain by an orc wizard

Illustrated notes

Levels and vault maps discovered:
D:5:      layout_loops_cross, makhleb_altar_promises_db,
          minmay_temple_entry_hall, minmay_fractal_squares_gapless_5
D:6:      layout_basic, serial_shops, nicolae_shop_stone, serial_bayou_ford_a,
          item_on_display_a
Temple:   pf_slimified_temple

Skill      XL: |  1  2  3  4  5  6  7 |
---------------+----------------------+-----
Short Blades   | 3 4 |  4.0
Evocations     | 2 3 5 6 |  6.0
Spellcasting   | 1 3 |  3.4
Fighting       | |  3.0
Dodging        | |  2.0
Stealth        | |  6.6

Action                     |  1- 3 |  4- 6 |  7- 9 || total
---------------------------+-------+-------+-------++-------
  Melee: Short sword       |     4 |    76 |    28 ||   108
         Tentacles         |     1 |    14 |     6 ||    21
         Constrict         |     1 |    15 |     5 ||    21
         Punch             |       |     1 |       ||     1
  Evoke: Wand              |       |       |     2 ||     2
    Use: Potion            |       |     3 |     1 ||     4
         Scroll            |       |     1 |     1 ||     2
   Stab: Sleeping          |     3 |     6 |       ||     9
 Armour: Skin              |       |     2 |       ||     2
  Dodge: Dodged            |       |    26 |    10 ||    36

Table legend: (Time is in decaauts)
 A = Elapsed time spent in this place.
 B = Non-inter-level travel time spent in this place.
 C = Inter-level travel time spent in this place.
 D = Time resting spent in this place.
 E = Time spent auto-exploring this place.
 F = Levels seen in this place.
 G = Mean time per level.
                   A        B        C        D        E       F      G
               +--------+--------+--------+--------+--------+-----+--------+
         Total |   1998 |   1910 |     88 |    703 |    371 |   3 |  666.0 |
       Dungeon |   1972 |   1908 |     64 |    703 |    371 |   2 |  986.0 |
        Temple |     26 |      2 |     24 |      0 |      0 |   1 |   26.0 |
               +--------+--------+--------+--------+--------+-----+--------+

Top non-repeatable levels by time:
     D:5: 1133 daAuts
     D:6: 838 daAuts
  Temple: 26 daAuts
